 Dungeon Crawl Stone Soup version 0.28-a0-313-gbc0475efdd (webtiles) character file.

Game seed: 14066542250171579796

316 lunkers the Skirmisher (level 6, 0/59 (60) HPs)
             Began as a Minotaur Cinder Acolyte on Aug 31, 2021.
             Was a High Priest of Ignis.
             Slain by a necrophage (3 damage)
             ... on level 4 of the Dungeon.
             The game lasted 00:03:17 (3639 turns).

lunkers the Skirmisher (Minotaur Cinder Acolyte)    Turns: 3639, Time: 00:03:17

HP:   0/59 (60)     AC:  6    Str: 21    XL:     6   Next: 20%
MP:   2/6           EV: 10    Int: 10    God:    Ignis [*****.]
Gold: 132           SH:  0    Dex:  6    Spells: 6/7 levels left

rFire   + . .      SeeInvis .   i - +0 morningstar
rCold   . . .      Faith    .   (no shield)
rNeg    . . .      Spirit   .   g - +0 ring mail
rPois   .          Reflect  .   (helmet restricted)
rElec   .          Harm     .   p - +0 cloak
rCorr   .          Rampage  .   (no gloves)
Will    .....                   (no boots)
Stlth   ..........              (no amulet)
HPRegen 0.19/turn               (no ring)
MPRegen 0.10/turn               (no ring)

@: lightly drained
A: horns 2, retaliatory headbutt
a: Renounce Religion, Sea of Fire, Foxfire Swarm, Rising Flame


You were on level 4 of the Dungeon.
You worshipped Ignis.
Ignis was extremely pleased with you.
You visited 1 branch of the dungeon, and saw 4 of its levels.

You collected 132 gold pieces.

Inventory:

Hand Weapons
 a - a -1 hand axe of flaming
 i - a +0 morningstar (weapon)
Missiles
 n - a throwing net
Armour
 b - a +0 robe
 g - a +0 ring mail (worn)
 p - a +0 cloak (worn)
Scrolls
 f - a scroll of noise {unknown}
 k - a scroll of identify {unknown}
 l - 2 scrolls of magic mapping {unknown}
 m - 2 scrolls of fog {unknown}
 o - a scroll of teleportation {unknown}
 r - 3 scrolls of silence {unknown}
 s - a scroll of torment {unknown}
Potions
 c - a potion of brilliance {unknown}
 d - a potion of might {unknown}
 e - a potion of curing {unknown}
 h - a potion of attraction {unknown}
 j - 2 potions of degeneration {unknown}
 q - a potion of berserk rage {unknown}


   Skills:
 + Level 7.5 Fighting
 - Level 5.2 Axes
 - Level 1.0 Spellcasting
 - Level 0.6 Fire Magic


You had 6 spell levels left.
You knew the following spells:

 Your Spells              Type           Power      Damage    Failure   Level
p - Foxfire               Conj/Fire      4%         2x1d4     45%         1

Your spell library contained the following spells:

 Spells                   Type           Power      Damage    Failure   Level
 Summon Forest            Summ/Tloc      0%         N/A       100%        5
 Eringya's Noxious Bog    Tmut/Pois      0%         N/A       100%        6
 Summon Hydra             Summ           0%         N/A       100%        7


Dungeon Overview and Level Annotations

Branches:
Dungeon (4/15)
 Temple: D:4-7

Altars:
Cheibriados
Elyvilon
Kikubaaqudgha

Shops:
D:1 [   D:2 *   D:3 *

Annotations:
D:4 Grinder


Innate Abilities, Weirdness & Mutations

You have a pair of horns on your head.
You reflexively headbutt those who attack you in melee.


Message History

* * * LOW HITPOINT WARNING * * *
You barely miss the necrophage.
The necrophage hits you but does no damage.
You barely miss the necrophage. The necrophage hits you.
* * * LOW HITPOINT WARNING * * *
The necrophage barely misses you. Grinder gestures at you.
You suddenly lose the ability to move!
The necrophage hits you but does no damage. x2
Grinder gestures at you. Pain shoots through your body!
* * * LOW HITPOINT WARNING * * *
The necrophage hits you but does no damage.
Grinder gestures at you.
You shrug off the repeated paralysis!
Grinder gestures at you. Pain shoots through your body!
* * * LOW HITPOINT WARNING * * *
The necrophage hits you but does no damage.
The necrophage barely misses you. Grinder gestures at you.
You shrug off the repeated paralysis!
The necrophage hits you.
* * * LOW HITPOINT WARNING * * *
You feel drained.
* * * LOW HITPOINT WARNING * * *
Grinder hits you!
* * * LOW HITPOINT WARNING * * *
You can move again.
Unknown command.
You closely miss Grinder. Your headbutt misses Grinder.
Grinder is severely wounded.
Grinder gestures at you.
You barely resist.
The necrophage hits you but does no damage.
Your magical contamination has completely faded away.
You hit Grinder.
Grinder is almost dead.
The necrophage hits you.
You die...

....#####
......#.##
.........##
........###
..
.........
....#.....#
.......5n#
#@.# #..#
###..#
######....#
..........#
######....#
##.#.#
##.#.#####
#.....<...


You could see Grinder and a necrophage.

Vanquished Creatures
  A necrophage (D:4)
  A gnoll shaman (D:4)
  Natasha (twice) (D:2)
  Terence (D:2)
  5 adders
  An ufetubus (D:4)
  An adder skeleton (D:4)
  A dart slug (D:2)
  6 orcs (D:3)
  8 endoplasms
  3 giant cockroaches (D:1)
  7 goblins
  4 hobgoblins
  6 quokkas
  5 ball pythons
  5 bats
  3 frilled lizards
  7 kobolds
  A rat (D:3)
68 creatures vanquished.

Vanquished Creatures (collateral kills)
  2 foxfires (D:2)
2 creatures vanquished.

Vanquished Creatures (others)
  98 foxfires
  A plant (D:2)
99 creatures vanquished.

Grand Total: 169 creatures vanquished

Notes
Turn   | Place    | Note
-------+----------+-------------------------------------------
     0 | D:1      | lunkers the Minotaur Cinder Acolyte began the quest for the
                  | Orb.
     0 | D:1      | Reached XP level 1. HP: 19/19 MP: 1/1
   271 | D:1      | Reached XP level 2. HP: 27/27 MP: 0/2
   445 | D:1      | Found a faded altar of an unknown god.
   459 | D:1      | Reached skill level 4 in Fighting
   579 | D:1      | Found Ereir's Antique Armour Emporium.
   898 | D:2      | Reached XP level 3. HP: 29/33 MP: 1/3
  1117 | D:2      | Noticed Terence
  1124 | D:2      | Killed Terence
  1125 | D:2      | Reached skill level 5 in Axes
  1185 | D:2      | Noticed Natasha
  1193 | D:2      | Killed Natasha
  1194 | D:2      | Reached skill level 5 in Fighting
  1194 | D:2      | Reached XP level 4. HP: 35/42 MP: 0/4
  1481 | D:2      | Found Huckuet's Assorted Antiques.
  1481 | D:2      | Noticed Natasha
  1492 | D:2      | Killed Natasha
  2134 | D:3      | Found an ancient bone altar of Kikubaaqudgha.
  2187 | D:3      | Reached XP level 5. HP: 50/50 MP: 3/5
  2215 | D:3      | Found a white marble altar of Elyvilon.
  2346 | D:3      | Reached skill level 6 in Fighting
  2886 | D:3      | Found Taopraeq's Assorted Antiques.
  3037 | D:4      | Noticed a necrophage
  3051 | D:4      | Killed a necrophage
  3052 | D:4      | Reached skill level 7 in Fighting
  3052 | D:4      | Reached XP level 6. HP: 50/60 MP: 6/6
  3441 | D:4      | Found a snail-covered altar of Cheibriados.
  3616 | D:4      | Noticed Grinder
  3631 | D:4      | Paralysed by Grinder for 7 turns
  3639 | D:4      | Slain by a necrophage

Illustrated notes

Levels and vault maps discovered:
D:1:      saegor_arrival_simple_b, layout_loops_ring, serial_shops,
          nicolae_square_shop, chequers_ecumenical_altar_simple
D:2:      layout_basic, serial_shops, shop, serial_forest,
          infiniplex_forest_end_2, infiniplex_forest_clump_diagonal,
          infiniplex_forest_straight_5, infiniplex_forest_straight_2,
          infiniplex_forest_lined_3_way, infiniplex_forest_clump_double,
          infiniplex_forest_fountain, serial_bayou_pond_d, uniq_terence,
          uniq_natasha
D:3:      layout_basic, nicolae_elyvilon_peaceful_grove,
          overflow_temple_1_default, serial_shops, nicolae_square_shop,
          bh_walls_and_bars
D:4:      layout_loops_ring, mainiacjoe_overflow_catwalk, uniq_grinder

Skill      XL: |  1  2  3  4  5 |
---------------+----------------+-----
Axes           | 4 5 |  5.2
Fighting       | 4 5 7 |  7.5
Spellcasting   | |  1.0
Fire Magic     | |  0.6

Action                   |  1- 3 |  4- 6 || total
-------------------------+-------+-------++-------
Melee: Hand axe          |    58 |       ||    58
       Headbutt          |     7 |    10 ||    17
       Morningstar       |     4 |    87 ||    91
 Cast: Foxfire           |    18 |    47 ||    65
Armor: Robe              |     6 |       ||     6
       Ring mail         |    13 |    37 ||    50
Dodge: Dodged            |    46 |    61 ||   107

Table legend: (Time is in decaauts)
 A = Elapsed time spent in this place.
 B = Non-inter-level travel time spent in this place.
 C = Inter-level travel time spent in this place.
 D = Time resting spent in this place.
 E = Time spent auto-exploring this place.
 F = Levels seen in this place.
 G = Mean time per level.
                   A        B        C        D        E       F      G
               +--------+--------+--------+--------+--------+-----+--------+
         Total |   3677 |   3520 |    157 |    105 |   2895 |   4 |  919.2 |
       Dungeon |   3677 |   3520 |    157 |    105 |   2895 |   4 |  919.2 |
               +--------+--------+--------+--------+--------+-----+--------+

Top non-repeatable levels by time:
     D:2: 1122 daAuts
     D:3: 1077 daAuts
     D:1: 891 daAuts
     D:4: 585 daAuts
